AoeStats
← [HOBO]Drifter

Fortress

509770112Analyzed
4v4 RM · 5d ago on Sep 28, 2026· 43m 2s· 8 players
Game mode
Random Map
Map size
Huge
Population
200
Speed
Normal
Resources
Standard
Victory
Conquest
Starting age
Dark Age
Ending age
Imperial Age
RankedLock teamsTeams togetherTeam positionsShared explorationLock speedFull tech treeHidden civsTurbo modeCheats
Victory
Defeat
🇲🇽 Saxons · Mexico
1247
+14
🇨🇳 Japanese · China
1246
+14
🇹🇼 Danes · Taiwan
1241
+14
🇺🇸 Bohemians · United States
1239
+14
🇦🇷 Franks · Argentina
1238
-15
🇦🇷 Varangians · Argentina
1224
-15
🇦🇷 Turks · Argentina
1187
-14
🇦🇷 Spanish · Argentina
1160
-12
Fat Bastard
8:53 Feudal Age
9:32 Double-Bit Axe
12:25 Castle Age
10:12 Horse Collar
20:41 Wheelbarrow
20:20 Bow Saw
20:56 Loom
21:03 Gold Mining
22:34 Scale Barding Armor
22:56 Forging
23:25 Bloodlines
23:17 Husbandry
24:01 Ballistics
24:02 Hand Cart
27:54 Imperial Age
26:12 Stone Mining
25:47 Vendel Legacy
26:40 Heavy Plow
28:16 Elite Jarl
29:24 Conscription
29:08 Pikeman
29:48 Squires
29:34 Arson
30:34 Iron Casting
31:07 Chain Barding Armor
35:24 Blast Furnace
34:47 Scale Mail Armor
36:30 Two-Man Saw
36:02 Crop Rotation
35:53 Halberdier
37:46 Chain Mail Armor
38:07 Plate Barding Armor
37:24 Fletching
38:36 Chemistry
37:19 Treadmill Crane
38:40 Chemistry
37:51 Masonry
37:28 Elite Skirmisher
39:09 Padded Archer Armor
40:23 Plate Mail Armor
39:45 Light Cavalry
40:35 Hussar
41:58 Bodkin Arrow
lucasferraro.lp
0:30 Loom
6:50 Feudal Age
11:48 Double-Bit Axe
14:07 Castle Age
13:17 Horse Collar
13:31 Gold Mining
17:34 Gambesons
21:18 Fletching
21:29 Padded Archer Armor
25:31 Wheelbarrow
27:20 Bloodlines
29:43 Husbandry
29:49 Scale Barding Armor
30:23 Bodkin Arrow
35:54 Imperial Age
33:46 Hand Cart
34:14 Leather Archer Armor
36:33 Bow Saw
37:10 Conscription
36:19 Elite Conquistador
36:29 Elite Skirmisher
39:03 Chemistry
37:41 Elite Skirmisher
38:27 Thumb Ring
40:17 Ring Archer Armor
velko nicolaev iotov
8:18 Feudal Age
12:23 Castle Age
16:52 Imperial Age
15:41 Double-Bit Axe
26:25 Loom
26:31 Horse Collar
27:03 Bow Saw
31:22 Wheelbarrow
CORP_Herme
7:47 Feudal Age
11:37 Castle Age
9:28 Double-Bit Axe
11:42 Scale Barding Armor
11:48 Forging
12:59 Bow Saw
13:41 Chain Barding Armor
21:14 Iron Casting
21:51 Husbandry
29:22 Imperial Age
29:31 Cavalier
30:48 Plate Barding Armor
31:15 Blast Furnace
33:59 Scale Mail Armor
34:40 Conscription
34:45 Elite Throwing Axeman
35:43 Chain Mail Armor
35:26 Ordonnance Companies
39:45 Plate Mail Armor
39:19 Light Cavalry
41:41 Chemistry
42:18 Masonry
:) YO30830
6:46 Feudal Age
7:30 Double-Bit Axe
11:45 Castle Age
9:33 Horse Collar
13:58 Loom
14:50 Wheelbarrow
20:47 Bow Saw
22:03 Scale Mail Armor
22:13 Forging
22:56 Squires
22:42 Arson
22:42 Gambesons
25:24 Pikeman
26:41 Chain Mail Armor
26:21 Gold Mining
26:22 Stone Mining
27:50 Gold Shaft Mining
27:41 Heavy Plow
29:50 Iron Casting
34:18 Imperial Age
34:24 Capped Ram
34:26 Elite Varangian Guard
35:44 Plate Mail Armor
34:36 Shield Wall
35:37 Conscription
35:37 Siege Ram
37:41 Clerical Recruitment
38:19 Halberdier
40:44 Two-Man Saw
43:38 Hoardings
[HOBO]Drifter
8:16 Feudal Age
12:37 Castle Age
10:42 Double-Bit Axe
10:52 Horse Collar
13:34 Bow Saw
13:28 Heavy Plow
14:13 Pikeman
22:46 Fletching
26:28 Chemistry
26:09 Wheelbarrow
32:14 Imperial Age
34:24 Masonry
37:50 Imperial Age
38:22 Husbandry
41:50 Conscription
椰子
8:31 Feudal Age
10:14 Double-Bit Axe
10:25 Horse Collar
12:51 Castle Age
13:57 Bow Saw
23:11 Heavy Plow
23:16 Gold Mining
26:18 Imperial Age
24:36 Wheelbarrow
25:46 Scale Mail Armor
25:56 Forging
26:05 Hand Cart
25:35 Loom
25:37 Town Watch
26:40 Ballistics
27:14 Gold Shaft Mining
26:30 Stone Mining
26:27 Pikeman
27:09 Squires
27:26 Chain Mail Armor
27:20 Siege Engineers
28:30 Iron Casting
27:17 Halberdier
29:13 Plate Mail Armor
28:59 Onager
30:13 Conscription
29:15 Northmen's Fury
30:57 Town Patrol
31:34 Stone Shaft Mining
32:32 Blast Furnace
32:19 Siege Onager
33:44 Elite Jomsviking
wuming
8:05 Feudal Age
8:55 Double-Bit Axe
11:44 Castle Age
9:32 Horse Collar
10:08 Gold Mining
10:12 Loom
12:09 Fletching
13:14 Bow Saw
13:10 Padded Archer Armor
13:09 Bodkin Arrow
15:09 Leather Archer Armor
15:43 Wheelbarrow
17:17 Ballistics
19:18 Thumb Ring
20:35 Bloodlines
22:41 Husbandry
25:26 Hand Cart
25:49 Gold Shaft Mining
25:04 Stone Mining
25:05 Town Watch
32:35 Imperial Age
32:38 Heavy Cavalry Archer
33:45 Parthian Tactics
33:50 Bracer
34:57 Chemistry
33:38 Treadmill Crane
35:03 Conscription
36:28 Two-Man Saw
36:41 Ring Archer Armor
37:39 Kataparuto
37:54 Hoardings
Connection lost

Rejoining the realm…

Still unreachable

The connection could not be restored.

Session expired

The server has moved on; the page needs a fresh start.